 Dungeon Crawl Stone Soup version 0.22-a0-799-g88f5e90 (webtiles) character file.

117 Amnesiac the Magician (level 4, -4/30 HPs)
             Began as a Mummy Earth Elementalist on July 21, 2018.
             Slain by an iguana (11 damage)
             ... on level 4 of the Dungeon.
             The game lasted 00:04:39 (1497 turns).

Amnesiac the Magician (Mummy Earth Elementalist)    Turns: 1497, Time: 00:04:40

Health: -4/30      AC:  2    Str: 11    XL:     4   Next: 71%
Magic:  0/10       EV: 12    Int: 15    God:
Gold:   15         SH:  0    Dex: 12    Spells: 1/11 levels left

rFire    x . .     SeeInvis .   a - +0 dagger
rCold    + . .     Gourm    .   (no shield)
rNeg     + + +     Faith    .   c - +0 robe
rPois    ∞         Spirit   .   (no helmet)
rElec    .         Reflect  .   (no cloak)
rCorr    .         Harm     .   (no gloves)
MR       .....                  (no boots)
Stlth    ++........             (no amulet)
HPRegen  0.10/turn              (no ring)
MPRegen  0.12/turn              (no ring)

@: no status effects
A: no food or potions, fire vulnerability, cold resistance 1, negative energy
resistance 3, torment resistance, unbreathing
a: no special abilities


You were on level 4 of the Dungeon.
You were not hungry.

You visited 1 branch of the dungeon, and saw 4 of its levels.

You collected 15 gold pieces.

Inventory:

Hand Weapons
 a - a +0 dagger (weapon)
Missiles
 b - 16 stones (quivered)
Armour
 c - a +0 robe (worn)
Wands
 d - a wand of random effects (25)
 i - a wand of iceblast (8)
Scrolls
 e - a scroll of remove curse {!r, unknown}
 f - 2 scrolls of teleportation {!r, unknown}
 g - 2 scrolls of identify {!r, unknown}
 h - a scroll of fog {!r, unknown}


   Skills:
 - Level 1.5 Dodging
 - Level 1.5 Stealth
 + Level 4.0 Spellcasting
 - Level 0.7 Transmutations
 * Level 4.0 Earth Magic


You had one spell level left.
You knew the following spells:

 Your Spells              Type           Power        Failure   Level  Hunger
a - Sandblast             Erth           ###...       3%          1    N/A
b - Passwall              Tmut/Erth      ##......     11%         2    N/A
c - Stone Arrow           Conj/Erth      #.....       24%         3    N/A
e - Petrify               Tmut/Erth      ##......     56%         4    N/A

Your spell library contained the following spells:

 Spells                   Type           Power        Failure   Level  Hunger
 Lee's Rapid Deconstruct  Erth           ###.......   67%         5    N/A

Dungeon Overview and Level Annotations

Branches:
Dungeon (4/15)
 Temple: D:4-7

Altars:
Okawaru

Shops:
D:4 ***%


Innate Abilities, Weirdness & Mutations

You do not eat or drink.
Your flesh is vulnerable to fire.
You are immune to poison.
Your flesh is cold resistant. (rC+)
You are immune to negative energy. (rN+++)
You are immune to unholy pain and torment.
You can survive without breathing.


Message History

Casting: Sandblast (safe; 3% risk of failure)
Confirm with . or Enter, or press ? or * to list all spells.
Aiming: Sandblast (safe; 3% risk of failure)
Press: ? - help, Shift-Dir - straight line, f/p - iguana
Aim: an iguana (severely wounded)
The blast of sand misses the iguana.
b - 19 stones The iguana barely misses you.
Casting: Sandblast (safe; 3% risk of failure)
Confirm with . or Enter, or press ? or * to list all spells.
Aiming: Sandblast (safe; 3% risk of failure)
Press: ? - help, Shift-Dir - straight line, f/p - iguana
Aim: an iguana (severely wounded)
The blast of sand hits the iguana.
The iguana is almost dead.
b - 18 stones The iguana closely misses you.
Casting: Sandblast (safe; 3% risk of failure)
Confirm with . or Enter, or press ? or * to list all spells.
You don't have enough magic to cast that spell.
The iguana closely misses you.
Casting: Sandblast (safe; 3% risk of failure)
Confirm with . or Enter, or press ? or * to list all spells.
You don't have enough magic to cast that spell.
Casting: Sandblast (safe; 3% risk of failure)
Confirm with . or Enter, or press ? or * to list all spells.
You don't have enough magic to cast that spell.
Casting: Sandblast (safe; 3% risk of failure)
Confirm with . or Enter, or press ? or * to list all spells.
You don't have enough magic to cast that spell.
Casting: Sandblast (safe; 3% risk of failure)
Confirm with . or Enter, or press ? or * to list all spells.
You don't have enough magic to cast that spell.
Casting: Sandblast (safe; 3% risk of failure)
Confirm with . or Enter, or press ? or * to list all spells.
Aiming: Sandblast (safe; 3% risk of failure)
Press: ? - help, Shift-Dir - straight line, f/p - iguana
Aim: an iguana (almost dead)
The blast of sand hits the iguana.
The iguana is almost dead.
b - 17 stones The iguana bites you!
* * * LOW HITPOINT WARNING * * *
Casting: Sandblast (safe; 3% risk of failure)
Confirm with . or Enter, or press ? or * to list all spells.
You don't have enough magic to cast that spell.
Casting: Sandblast (safe; 3% risk of failure)
Confirm with . or Enter, or press ? or * to list all spells.
You don't have enough magic to cast that spell.
Casting: Sandblast (safe; 3% risk of failure)
Confirm with . or Enter, or press ? or * to list all spells.
You don't have enough magic to cast that spell.
Casting: Sandblast (safe; 3% risk of failure)
Confirm with . or Enter, or press ? or * to list all spells.
You don't have enough magic to cast that spell.
Casting: Sandblast (safe; 3% risk of failure)
Confirm with . or Enter, or press ? or * to list all spells.
Aiming: Sandblast (safe; 3% risk of failure)
Press: ? - help, Shift-Dir - straight line, f/p - iguana
Aim: an iguana (almost dead)
The blast of sand misses the iguana.
b - 16 stones The iguana bites you!
You die...

###.#.#.#.....<#
............###.#
########.#.#..........#
#................######
#.######...####......... #...#
#.#######.
#.######...####.#########.....##
...............l.(..............
#.######...####@..##### #.....##
#...# #.#.# #.....# #...# #.#.#
#.....# #...####.#.## #.....##
#........#..# #.....##
#...######..# #...).## ##.##
#(.######.....## #.#
#...........####
######.########..#####...# #


You could see an iguana.

Vanquished Creatures
  A bullfrog skeleton (D:4)
  3 gnolls (D:4)
  2 adders
  An ooze (D:3)
  2 worms
  2 leopard geckos (D:4)
  2 orcs
  2 ball pythons
  A bat (D:3)
  A giant cockroach (D:3)
  2 goblins
  2 hobgoblins
  2 jackals (D:3)
  2 quokkas (D:4)
  3 frilled lizards
  A jackal skeleton (D:4)
  A rat (D:1)
30 creatures vanquished.

Notes
Turn   | Place    | Note
-------+----------+-------------------------------------------
     0 | D:1      | Amnesiac the Mummy Earth Elementalist began the quest for the Orb.
     0 | D:1      | Reached XP level 1. HP: 13/13 MP: 4/4
   257 | D:2      | Reached XP level 2. HP: 17/19 MP: 3/6
   265 | D:2      | Learned a level 2 spell: Passwall
   387 | D:3      | Reached XP level 3. HP: 13/24 MP: 0/7
   482 | D:3      | Found an iron altar of Okawaru.
   609 | D:4      | Found Vekytatu's Assorted Antiques.
   612 | D:4      | Found Vulil's General Store.
   626 | D:4      | Found Wooxaov's General Store.
   665 | D:4      | Reached XP level 4. HP: 9/30 MP: 0/9
   759 | D:4      | Learned a level 3 spell: Stone Arrow
   764 | D:4      | Learned a level 4 spell: Petrify
  1091 | D:4      | Found Reset's Food Shop.
  1497 | D:4      | Slain by an iguana

Vault maps used:
D:1:      mainiacjoe_arrival_reflecting_pool, st_stairs_9
D:3:      minmay_wonky_spiral, chequers_temple_overflow_statue_of_worship,
          first_ration, okawaru_trees_2
D:4:      lemuel_temple_firewalk_b, serial_shops, shop, nicolae_shop_waterfront,
          nicolae_shop_stone, nicolae_shop_crystal

Skill      XL: |  1  2  3  4 |
---------------+-------------+-----
Spellcasting   | 3 4 |  4.0
Earth Magic    | 3 4 |  4.0
Dodging        | |  1.5
Stealth        | |  1.5
Transmutations | |  0.7

Action                   |  1- 3 |  4- 6 || total
-------------------------+-------+-------++-------
Melee: Dagger            |     9 |    21 ||    30
 Cast: Sandblast         |    42 |    23 ||    65
Armor: Robe              |     3 |     2 ||     5
Dodge: Dodged            |    18 |    18 ||    36

Table legend:
 A = Spawn XP
 B = Non-spawn XP
 C = Spawn XP percentage of total XP
 D = Spawn monster count
 E = Non-spawn monster count
 F = Spawn count percentage of total count
 G = Total turns spent on level
                    A         B        C        D         E        F      G
               +---------+---------+-------+---------+---------+-------+---------
         Total |       0 |     168 |   0.0 |       0 |      30 |   0.0 |  1497
               +---------+---------+-------+---------+---------+-------+---------
           D:1 |       0 |       5 |   0.0 |       0 |       3 |   0.0 |    85
           D:2 |       0 |      19 |   0.0 |       0 |       3 |   0.0 |   186
           D:3 |       0 |      38 |   0.0 |       0 |      11 |   0.0 |   289
           D:4 |       0 |     106 |   0.0 |       0 |      13 |   0.0 |   937
               +---------+---------+-------+---------+---------+-------+---------
